 Dungeon Crawl Stone Soup version 0.30.1-3-gfc49f6343a (webtiles) character file.

Game seed: 3541592752524907819

112146 spardeous the Blocker (level 15, -6/163 HPs)
             Began as a Demigod Earth Elementalist on July 24, 2023.
             Mangled by a jumping spider (13 damage)
             ... on level 1 of the Spider Nest.
             The game lasted 01:55:13 (37569 turns).

spardeous the Blocker (Demigod Earth Elementalist) Turns: 37569, Time: 01:55:13

Health: -6/163     AC: 32    Str: 23 (29) XL:     15   Next: 63%
Magic:  30/43      EV:  6    Int: 29 (34) God:
Gold:   2549       SH:  0    Dex:  7 (13) Spells: 5/34 levels left

rFire   . . .        i - +2 mace of Kismet {vamp, rElec rPois Will- Stlth+}
rCold   . . .        U - +0 kite shield
rNeg    + . .        D - melded +1 leather armour {rC+ rF+}
rPois   ∞            a - +1 hat
rElec   +            Y - +2 cloak
rCorr   .            u - melded +0 pair of gloves
SInv    +            C - melded +2 pair of boots
Will    ++...        e - amulet of regeneration
Stlth   +++          Z - +6 ring of intelligence
HPRegen 1.27/turn    p - ring of Gozag's Regard {Will++ MP+9 Str+8 Slay-3 SInv}
MPRegen 0.28/turn

%: no passive effects
@: statue-form, very slightly contaminated, held, very slow
A: slow and powerful, torment resistance 1, boosted hp, high MP 1, forlorn,
divine attributes, hooves 1, horns 1, strong 1, evolution 1
a: End Transformation


You were on level 1 of the Spider Nest.
You were a living statue of rough stone.
You visited 4 branches of the dungeon, and saw 23 of its levels.
You also visited: Sewer, Gauntlet and Ice Cave.

You collected 3085 gold pieces.
You spent 536 gold pieces at shops.

Inventory:

Hand Weapons
 i - the +2 mace of Kismet (weapon) {vamp, rElec rPois Will- Stlth+}
   (You found it in an ice cave)

   rElec:     It insulates you from electricity.
   rPois:     It protects you from poison.
   Will:      It decreases your willpower.
   Stlth:     It makes you more stealthy.
 R - a +3 heavy sling
Armour
 a - a +1 hat (worn)
 q - the +3 pair of seven-league boots {Rampage+∞}
   (You found it on level 15 of the Dungeon)

   Rampage+∞: When moving toward enemies, its wearer moves as far as possible,
   alerting their target en route.
 t - the +1 scale mail of the Flute {rPois rF+ rN+ SInv}
   (You took it off a minotaur in a Gauntlet)

   rF:        It protects you from fire.
   rPois:     It protects you from poison.
   rN:        It protects you from negative energy.
   SInv:      It lets you see invisible.
 u - a +0 pair of gloves (melded)
 C - a +2 pair of boots (melded)
 D - a +1 leather armour of resistance (melded)
 F - the +1 leather armour of Distant Shores {Str-4 Dex+8}
   (You found it on level 6 of the Dungeon)

   Str:       It affects your strength (-4).
   Dex:       It affects your dexterity (+8).
 O - the +18 shield of the Gong {Loud rN+ Will+ rCorr EV-5}
   (You found it in a Gauntlet)

   Loud:      It is deafeningly noisy when blocking attacks.
   EV:        It affects your evasion (-5).
   rN:        It protects you from negative energy.
   rCorr:     It protects you from acid and corrosion.
   Will:      It increases your willpower.
 U - a +0 kite shield (worn)
 Y - a +2 cloak (worn)
Jewellery
 e - an amulet of regeneration (around neck)
 o - a ring of wizardry
 p - the ring of Gozag's Regard (right fist) {Will++ MP+9 Str+8 Slay-3 SInv}
   (You found it in a Gauntlet)

   [ring of magical power]

   Str:       It affects your strength (+8).
   Slay:      It affects your accuracy & damage with ranged weapons and melee
   (-3).
   MP:        It affects your magic capacity (+9).
   SInv:      It lets you see invisible.
   Will:      It greatly increases your willpower.
 x - a ring of see invisible
 V - a +4 ring of protection
 W - a ring of resist corrosion
 Z - a +6 ring of intelligence (left fist)
Wands
 v - a wand of mindburst (5)
 y - a wand of polymorph (5)
 E - a wand of acid (4)
Scrolls
 c - 4 scrolls of immolation
 f - 4 scrolls of enchant weapon
 j - 5 scrolls of enchant armour
 k - 4 scrolls of fog
 r - 6 scrolls of noise {unknown}
 z - 2 scrolls of blinking
 B - 3 scrolls of poison
 K - 3 scrolls of acquirement {unknown}
 L - a scroll of silence
 M - 5 scrolls of fear {unknown}
 T - a scroll of brand weapon
 X - 3 scrolls of amnesia
Potions
 b - a potion of magic
 d - 4 potions of degeneration
 g - a potion of heal wounds
 h - 9 potions of curing
 l - 6 potions of brilliance
 m - a potion of resistance
 s - a potion of invisibility
 w - 3 potions of haste
 A - 3 potions of flight
 G - 4 potions of ambrosia {unknown}
 H - 3 potions of cancellation {unknown}
 I - 2 potions of might
 J - 3 potions of mutation
 N - 3 potions of attraction
 P - 2 potions of berserk rage
Miscellaneous
 n - a tin of tremorstones (2/2)
 Q - a phial of floods
 S - a box of beasts


   Skills:
 - Level 10.2 Fighting
 + Level 1.7 Maces & Flails
 - Level 6.1 Ranged Weapons
 - Level 9.0 Armour
 - Level 1.7 Dodging
 - Level 3.5 Stealth
 - Level 12.1 Shields
 - Level 10.4 Spellcasting
 - Level 2.2 Conjurations
 - Level 2.9 Necromancy
 - Level 12.1 Transmutations
 - Level 10.3 Earth Magic


You had 5 spell levels left.
You knew the following spells:

 Your Spells              Type           Power      Damage    Failure   Level
a - Sandblast             Erth           100%       2d20      1%          1
b - Stone Arrow           Conj/Erth      100%       3d13      1%          3
c - Petrify               Tmut/Erth      69%        N/A       1%          4
d - Statue Form           Tmut/Erth      46%        N/A       9%          6
e - Ozocubu's Armour      Ice            15%        N/A       17%         3
f - Poisonous Vapours     Pois/Air       30%        N/A       9%          2
g - Mephitic Cloud        Conj/Pois/Air  19%        N/A       13%         3
h - Sublimation of Blood  Necr           32%        N/A       2%          2
i - Irradiate             Conj/Tmut      27%        3d20      9%          5

Your spell library contained the following spells:

 Spells                   Type           Power      Damage    Failure   Level
 Passwall                 Tmut/Erth      57%        N/A       1%          2
 Magic Dart               Conj           100%       1d8       2%          1
 Ice Form                 Ice/Tmut       50%        N/A       4%          4
 Momentum Strike          Conj/Tloc      42%        3d9       5%          2
 Freeze                   Ice            60%        1d7       6%          1
 Animate Armour           Summ/Erth      90%        N/A       7%          4
 Blink                    Tloc           30%        N/A       9%          2
 Call Imp                 Summ           30%        N/A       9%          2
 Ensorcelled Hibernation  Hex/Ice        30%        N/A       9%          2
 Lesser Beckoning         Tloc           30%        N/A       9%          2
 Scorch                   Fire           30%        2d6       9%          2
 Hailstorm                Conj/Ice       21%        3d6       11%         3
 Vhi's Electric Charge    Tloc/Air       30%        N/A       17%         3
 Flame Wave               Conj/Fire      21%        2d8       34%         4
 Manifold Assault         Tloc           15%        N/A       50%         4
 Freezing Cloud           Conj/Ice/Air   9%         6-21      75%         5
 Summon Forest            Summ/Tloc      7%         N/A       85%         5
 Eringya's Noxious Bog    Tmut/Pois      25%        N/A       58%         6
 Dispersal                Tloc           7%         N/A       100%        6
 Summon Cactus Giant      Summ           7%         N/A       100%        6
 Ozocubu's Refrigeration  Ice            7%         4d9       100%        7
 Summon Hydra             Summ           7%         N/A       100%        7
 Disjunction              Tloc           7%         N/A       100%        8
 Lehudib's Crystal Spear  Conj/Erth      25%        10d7      100%        8


Dungeon Overview and Level Annotations

Branches:
Dungeon (15/15)            Temple (0/1) D:7            Lair (5/5) D:9
 Shoals (0/4) Lair:2       Spider (1/4) Lair:2        Slime (0/5) Lair:4
    Orc (2/2) D:9             Elf (0/3) Orc:2        Vaults (0/5) D:14
 Depths (0/4) D:15          Sewer (visited)           IceCv (visited)
Gauntlet (visited)

Shops:
D:5 ?   Orc:2 (*[:


Innate Abilities, Weirdness & Mutations

You are a living statue of rough stone.
Your actions are slow, but your melee attacks are powerful.
You are resistant to unholy torment.
Your maximum health is greatly increased.
You are immune to poison.
Your equipment is partially melded.
You have an increased reservoir of magic. (+10% MP)
You shall have no god before yourself.
Your divine heritage dramatically boosts your attributes as you level up.
You have large cloven feet.
You have a pair of small horns on your head.
Your muscles are strong. (Str +4, Int/Dex -1)
You have hidden genetic potential.


Message History

The demonic crawler hits you.
* * * LOW HITPOINT WARNING * * *
The demonic crawler hits you!
* * * LOW HITPOINT WARNING * * *
The demonic crawler hits you but does no damage.
The demonic crawler hits you!
* * * LOW HITPOINT WARNING * * *
The jumping spider pounces on you but does no damage.
The jumping spider bites you but does no damage.
The jumping spider leaps!
The tarantella touches you but does no damage.
The jumping spider pounces on you but does no damage.
The jumping spider bites you but does no damage.
The demonic crawler barely misses you. x2; The demonic crawler hits you!
* * * LOW HITPOINT WARNING * * *
A demonic crawler comes into view.
A wolf spider comes into view.
The jumping spider pounces on you but does no damage.
The jumping spider bites you but does no damage.
The jumping spider pounces on you but does no damage.
The jumping spider completely misses you.
The tarantella touches you.
* * * LOW HITPOINT WARNING * * *
You are confused.
The jumping spider pounces on you!
* * * LOW HITPOINT WARNING * * *
You are even more entangled.
The jumping spider bites you but does no damage.
You take 54 damage, and have 13/163 hp.
MASSIVE DAMAGE!!
You now have 29/43 mp.
You're too confused to cast spells.
You feel better.
The demonic crawler gives a hideous shriek!
You hear a faint skittering sound.
The demonic crawler hits you but does no damage. x2
The demonic crawler hits you!!
* * * LOW HITPOINT WARNING * * *
The jumping spider pounces on you but does no damage.
The jumping spider barely misses you.
The demonic crawler hits you but does no damage. x3
The jumping spider pounces on you!
You die...

.. . #.#..# .
. ..#..#. .
^#.......
##.###........
#..#.#...#..#
#...#....#
.#.#..s†s..##
......†8s!.^#
!.....†ss..##
°s.^...#).##
.###..#####
###


You could see a demonic crawler (berserk), a wolf spider, 3 jumping spiders and
a tarantella (misshapen).

Vanquished Creatures
  Gastronok (Lair:1)
  A fire giant (D:15)
  A reaper (IceCv)
  A minotaur (Gauntlet)
  A fire dragon (Lair:5)
  2 ettins
  Fannar (Lair:2)
  An ice dragon (D:14)
  11 hydras
  Erolcha (D:9)
  4 ogre magi (Orc:2)
  11 centaur warriors
  19 two-headed ogres
  3 tengu warriors
  3 boulder beetles
  3 death yaks (D:9)
  4 skysharks
  4 skeletal warriors
  A pharaoh ant (Lair:2)
  A deep troll (D:15)
  2 phantasmal warriors (D:15)
  An orc knight (Orc:1)
  2 necromancers (D:15)
  A wolf spider (Lair:2)
  An orc sorcerer (Orc:2)
  A wolf spider (shapeshifter) (D:15)
  2 deep elf pyromancers
  3 manticores
  A lindwurm (Lair:5)
  4 cyclopes
  13 ugly things
  7 elephants (Lair:4)
  A moth of wrath (Spider:1)
  An ice statue (IceCv)
  Joseph (D:9)
  A guardian serpent (D:15)
  3 molten gargoyles (Lair:5)
  10 black mambas
  2 gargoyles
  Maurice (D:12)
  A black mamba (shapeshifter) (D:14)
  A torpor snail (Lair:5)
  7 komodo dragons
  12 cane toads
  4 rime drakes
  2 unseen horrors
  3 ice devils (IceCv)
  2 freezing wraiths
  A tengu conjurer (D:14)
  4 trolls
  4 efreet
  A queen bee (shapeshifter) (D:14)
  4 polar bears
  6 meliai
  A hornet (shapeshifter) (D:14)
  A troll (shapeshifter) (D:13)
  A tarantella (Lair:2)
  A wolf spider simulacrum (D:13)
  A snapping turtle (Lair:2)
  4 dream sheep (Lair:5)
  13 blink frogs
  2 wraiths
  2 jumping spiders (Spider:1)
  5 flying skulls (Gauntlet)
  3 culicivoras
  4 shadows
  5 centaur simulacra
  8 wyverns
  A dire elephant simulacrum (IceCv)
  Grum (D:8)
  7 basilisks
  28 yaks
  12 vampire mosquitoes
  4 steam dragons
  5 redbacks
  8 wargs
  A harpy simulacrum (IceCv)
  8 water moccasins
  An acid dragon (D:9)
  A hydra simulacrum (IceCv)
  5 hell hounds (Lair:5)
  2 ice beasts
  23 orc warriors
  2 black bears
  3 sky beasts
  33 wolves
  2 boggarts
  31 ogres
  15 centaurs
  3 phantoms
  10 bullfrogs
  4 kobold brigands
  5 scorpions
  A gnoll sergeant (D:10)
  5 two-headed ogre simulacra (IceCv)
  3 cane toad simulacra (IceCv)
  8 wights
  7 killer bees (D:10)
  3 elephant simulacra (IceCv)
  7 electric eels
  2 howler monkeys
  5 lava snakes (Lair:5)
  A wyvern simulacrum (Gauntlet)
  A hound (D:6)
  10 jellies
  A gnoll bouda (D:10)
  14 orc priests
  6 iguanas
  3 sleepcaps
  28 orc wizards
  7 hell rats
  5 spriggan simulacra (IceCv)
  A polar bear simulacrum (IceCv)
  13 troll simulacra (IceCv)
  2 wolf simulacra (IceCv)
  15 gnolls
  5 adders
  3 naga simulacra (IceCv)
  20 river rats
  2 shadow imps
  6 white imps
  5 ufetubi
  2 worms
  3 dart slugs
  57 orcs
  12 endoplasms
  5 giant cockroaches
  15 goblins
  14 hobgoblins
  3 jackals (D:3)
  7 quokkas
  14 ball pythons
  8 bats
  6 frilled lizards
  30 kobolds
  21 rats
836 creatures vanquished.

Notes
Turn   | Place    | Note
-------+----------+-------------------------------------------
     0 | D:1      | spardeous the Demigod Earth Elementalist began the quest
                  | for the Orb.
     0 | D:1      | Reached XP level 1. HP: 14/14 MP: 5/5
   188 | D:1      | Reached XP level 2. HP: 14/20 MP: 4/7
  1045 | D:2      | Reached XP level 3. HP: 26/26 MP: 6/8
  1715 | D:2      | Learned a level 3 spell: Stone Arrow
  2142 | D:3      | Reached XP level 4. HP: 28/33 MP: 6/9
  2279 | D:3      | Noticed a shadow
  3366 | D:4      | Reached skill level 5 in Earth Magic
  3388 | D:4      | Reached XP level 5. HP: 38/38 MP: 0/10
  3624 | D:4      | Noticed an ogre
  3627 | D:4      | Killed an ogre
  3705 | D:4      | Reached XP level 6. HP: 45/45 MP: 5/12
  4361 | D:5      | Entered Level 5 of the Dungeon
  4526 | D:5      | Reached XP level 7. HP: 50/50 MP: 13/16
  4717 | D:5      | Found Gicinir's Magic Scroll Shop.
  4721 | D:5      | Bought a scroll of identify for 30 gold pieces
  4910 | D:5      | Reached skill level 5 in Spellcasting
  5446 | D:6      | Reached XP level 8. HP: 34/57 MP: 6/21
  5539 | D:6      | Identified the +1 leather armour of Distant Shores {Str-4
                  | Dex+8}
  5979 | D:6      | Found a glowing drain.
  5984 | Sewer    | Entered a sewer
  6251 | Sewer    | Reached skill level 1 in Fighting
  6713 | D:6      | Learned a level 4 spell: Petrify
  6916 | D:7      | Reached XP level 9. HP: 51/71 MP: 19/25
  7156 | D:7      | Reached skill level 1 in Transmutations
  7171 | D:7      | Reached skill level 5 in Fighting
  7185 | D:7      | Found a staircase to the Ecumenical Temple.
  8009 | D:8      | Noticed Grum
  8021 | D:8      | Killed Grum
  8123 | D:8      | Noticed a two-headed ogre
  8140 | D:8      | Killed a two-headed ogre
  8236 | D:8      | Reached XP level 10. HP: 83/84 MP: 14/27
  8593 | D:8      | Reached skill level 5 in Transmutations
  8752 | D:9      | Noticed a death yak
  8774 | D:9      | Killed a death yak
  9004 | D:9      | Noticed Erolcha
  9022 | D:9      | Killed Erolcha
  9234 | D:9      | Found a staircase to the Orcish Mines.
  9259 | D:9      | Noticed a death yak
  9263 | D:9      | Noticed a death yak
  9312 | D:9      | Killed a death yak
  9450 | D:9      | Found a staircase to the Lair.
  9494 | D:9      | Killed a death yak
  9625 | D:9      | Noticed Joseph
  9645 | D:9      | Killed Joseph
  9830 | D:9      | Noticed a skeletal warrior
  9830 | D:9      | Noticed a skeletal warrior
 10194 | D:9      | Noticed a skeletal warrior
 10210 | D:9      | Killed a skeletal warrior
 10211 | D:9      | Reached XP level 11. HP: 74/92 MP: 14/29
 10368 | D:9      | Killed a skeletal warrior
 10527 | D:9      | Killed a skeletal warrior
 10671 | D:10     | Entered Level 10 of the Dungeon
 10676 | D:10     | Reached skill level 10 in Earth Magic
 11227 | D:10     | Reached skill level 10 in Spellcasting
 11635 | D:10     | Reached skill level 1 in Shields
 12273 | D:11     | Reached skill level 1 in Conjurations
 12566 | D:11     | Noticed a two-headed ogre
 12571 | D:11     | Killed a two-headed ogre
 13199 | D:12     | Noticed a deep elf pyromancer
 13247 | D:12     | Killed a deep elf pyromancer
 13248 | D:12     | Reached skill level 5 in Shields
 13275 | D:12     | Noticed a boulder beetle
 13277 | D:12     | Noticed a centaur warrior
 13286 | D:12     | Killed a centaur warrior
 13558 | D:12     | Noticed Maurice
 13578 | D:12     | Killed Maurice
 13706 | D:12     | Noticed a boulder beetle
 13789 | Lair:1   | Entered Level 1 of the Lair of Beasts
 13946 | Lair:1   | Reached XP level 12. HP: 70/100 MP: 28/31
 14284 | Lair:1   | You fall into a shaft and drop 1 floor!
 14362 | Lair:1   | Noticed a seven-headed hydra
 14407 | Lair:1   | Killed a seven-headed hydra
 14593 | Lair:1   | Noticed Gastronok
 14985 | Lair:2   | Found a hole to the Spider Nest.
 15519 | Lair:2   | Found a staircase to the Shoals.
 15784 | Lair:2   | Noticed Fannar
 15799 | Lair:2   | Killed Fannar
 15800 | Lair:2   | Reached skill level 10 in Shields
 16344 | Lair:2   | Gained mutation: Your natural rate of healing is unusually
                  | fast. [potion of mutation]
 16344 | Lair:2   | Gained mutation: You have large cloven feet. [potion of
                  | mutation]
 16450 | Lair:3   | Reached skill level 1 in Armour
 16501 | Lair:3   | Found a frozen archway.
 16584 | IceCv    | Entered an ice cave
 17830 | IceCv    | Noticed a reaper
 18307 | IceCv    | Killed a reaper
 18308 | IceCv    | Reached skill level 5 in Armour
 19138 | IceCv    | Got Koajucy Reoh's Encyclopedia of the Serac
 19142 | IceCv    | Identified the +2 mace of Kismet {vamp, rElec rPois Will-
                  | Stlth+}
 20299 | Lair:4   | Noticed a five-headed hydra
 20311 | Lair:4   | Killed a five-headed hydra
 20312 | Lair:4   | Reached XP level 13. HP: 105/105 MP: 17/32
 21104 | Lair:4   | Found a staircase to the Slime Pits.
 21598 | Lair:4   | Got the Cyclopedia of Different Bedrock
 21778 | Lair:4   | Learned a level 6 spell: Statue Form
 21821 | Lair:5   | Entered Level 5 of the Lair of Beasts
 24175 | Lair:5   | Reached XP level 14. HP: 113/113 MP: 23/33
 24414 | Lair:5   | Reached skill level 10 in Transmutations
 25144 | Lair:5   | Found a large runed translucent door.
 25188 | Lair:5   | Found a large runed translucent door.
 27922 | Lair:1   | Killed Gastronok
 28552 | D:14     | Reached skill level 1 in Ranged Weapons
 29141 | D:14     | Reached skill level 5 in Ranged Weapons
 29534 | D:14     | Found a gate to the Vaults.
 30259 | D:15     | Entered Level 15 of the Dungeon
 30276 | D:15     | Found a gate leading to a gauntlet.
 30325 | Gauntlet | Entered a Gauntlet
 30325 | Gauntlet | Found a transporter.
 30325 | Gauntlet | Found a transporter.
 30359 | Gauntlet | Found a transporter.
 30359 | Gauntlet | Found a transporter.
 30368 | Gauntlet | Found a transporter.
 30387 | Gauntlet | Found a transporter.
 30397 | Gauntlet | Found a transporter.
 30397 | Gauntlet | Found a transporter.
 30401 | Gauntlet | Found a transporter.
 30428 | Gauntlet | Found a transporter.
 30435 | Gauntlet | Found a transporter.
 30455 | Gauntlet | Found a transporter.
 30488 | Gauntlet | Found a transporter.
 30509 | Gauntlet | Found a transporter.
 30606 | Gauntlet | Found a transporter.
 30622 | Gauntlet | Found a transporter.
 30654 | Gauntlet | Learned a level 3 spell: Ozocubu's Armour
 30674 | Gauntlet | Learned a level 2 spell: Poisonous Vapours
 30948 | Gauntlet | Learned a level 3 spell: Mephitic Cloud
 31122 | Gauntlet | Got the Vellum of Spatial Rime
 31123 | Gauntlet | Identified the ring of Gozag's Regard {Will++ MP+9 Str+8
                  | Slay-3 SInv}
 31212 | Gauntlet | Found the +18 shield of the Gong {Loud rN+ Will+ rCorr
                  | EV-5}
 31212 | Gauntlet | Identified the +1 scale mail of the Flute {rPois rF+ rN+
                  | SInv}
 31549 | D:15     | Reached skill level 10 in Fighting
 31847 | D:15     | Found a staircase to the Depths.
 32166 | D:15     | Reached XP level 15. HP: 126/126 MP: 13/34
 32852 | D:15     | Noticed a fire giant
 32858 | D:15     | Killed a fire giant
 32962 | D:15     | Found the +3 pair of seven-league boots {Rampage+∞}
 33269 | Orc:1    | Entered Level 1 of the Orcish Mines
 33269 | Orc:1    | You fall into a shaft and drop 1 floor!
 33269 | Orc:2    | Entered Level 2 of the Orcish Mines
 33559 | Orc:2    | Found a staircase to the Elven Halls.
 33571 | Orc:2    | Found Qacwymm's General Store.
 33571 | Orc:2    | Found Neguetap's Book Boutique.
 33571 | Orc:2    | Found Enoanim's Weapon Shop.
 33571 | Orc:2    | Found Lerihiejaa's Antique Armour Shoppe.
 35044 | Orc:2    | Bought a book of Alchemy for 308 gold pieces
 35047 | Orc:2    | Learned a level 2 spell: Sublimation of Blood
 35540 | Orc:1    | Reached skill level 1 in Necromancy
 35904 | Orc:1    | Gained mutation: You are vulnerable to cold. (rC-)
                  | [mutagenic glow]
 35912 | Orc:1    | Gained mutation: Potions are less effective at restoring
                  | your health. [mutagenic glow]
 36190 | Orc:1    | Lost mutation: Your natural rate of healing is unusually
                  | fast. [potion of mutation]
 36190 | Orc:1    | Lost mutation: You have large cloven feet. [potion of
                  | mutation]
 36190 | Orc:1    | Lost mutation: You are vulnerable to cold. (rC-) [potion of
                  | mutation]
 36190 | Orc:1    | Gained mutation: You are frail. (-10% HP) [potion of
                  | mutation]
 36190 | Orc:1    | Gained mutation: You occasionally lose the ability to drink
                  | potions when taking damage. [potion of mutation]
 36190 | Orc:1    | Gained mutation: You occasionally shout uncontrollably at
                  | your foes. [potion of mutation]
 36191 | Orc:1    | Lost mutation: You occasionally shout uncontrollably at
                  | your foes. [potion of mutation]
 36191 | Orc:1    | Lost mutation: Potions are less effective at restoring your
                  | health. [potion of mutation]
 36191 | Orc:1    | Lost mutation: You occasionally lose the ability to drink
                  | potions when taking damage. [potion of mutation]
 36191 | Orc:1    | Gained mutation: You have hidden genetic potential. [potion
                  | of mutation]
 36191 | Orc:1    | Gained mutation: Your system is resistant to poisons.
                  | (rPois) [potion of mutation]
 36191 | Orc:1    | Gained mutation: You possess an exceptional clarity of
                  | mind. [potion of mutation]
 36191 | Orc:1    | Gained mutation: You have large cloven feet. [potion of
                  | mutation]
 36192 | Orc:1    | Lost mutation: You are frail. (-10% HP) [potion of
                  | mutation]
 36192 | Orc:1    | Lost mutation: Your system is resistant to poisons. (rPois)
                  | [potion of mutation]
 36192 | Orc:1    | Lost mutation: You possess an exceptional clarity of mind.
                  | [potion of mutation]
 36192 | Orc:1    | Gained mutation: You have a pair of small horns on your
                  | head. [potion of mutation]
 36192 | Orc:1    | Gained mutation: Your muscles are strong. (Str +4, Int/Dex
                  | -1) [potion of mutation]
 36295 | Orc:2    | Bought an opal-encrusted ring mail for 198 gold pieces
 36295 | Orc:2    | Identified the +0 ring mail of the Thoughtful Wars {rN+
                  | Dex+2} (You bought it in a shop on level 2 of the Orcish
                  | Mines)
 36410 | Spider:1 | Entered Level 1 of the Spider Nest
 36787 | Lair:2   | Learned a level 5 spell: Irradiate
 37564 | Spider:1 | Reached skill level 1 in Maces & Flails
 37569 | Spider:1 | HP: 7/163 [demonic crawler (18)]
 37569 | Spider:1 | Mangled by a jumping spider

Illustrated notes

Levels and vault maps discovered:
D:1:      lemuel_arrival_funnel, layout_basic, chequers_serial_rivers_room_b,
          st_stairs_11
D:2:      layout_basic, minmay_misc_feat_pillars
D:3:      kennysheep_goblin_castle, layout_loops_ring,
          riverfiend_overflow_shadow_ancestor,
          nemelex_xobeh_ov_fountains_minmay, mainiacjoe_overflow_alcove_2,
          bloody_trog, lemuel_tele_altar, ebering_ecumenical_altar_sacrificial
D:4:      layout_loops_ring, nicolae_uskayaw_dance_hall, grunt_qazlal_clouds,
          serial_co_window_serial, co_window_paths_a, co_window_paths_b,
          co_window_corner_a, co_window_corner_a, co_window_corner_a,
          co_window_broadway_a, co_window_of_opportunity_c, co_window_corner_b,
          co_window_4corner_a, glass_columns_b, glass_columns_b,
          glass_columns_a, hangedman_decor_riveting
D:5:      minmay_skewed_foursquare, layout_basic, serial_shops, shop
D:6:      layout_basic, portal_sewer_entry_e
D:7:      layout_cave_pools, temple_statues, serial_bayou, serial_bayou_lake_a,
          serial_bayou_lagoon_a, serial_bayou_shore_a, serial_bayou_pond_d,
          wad_floor_pattern_untrapped
D:8:      layout_basic, hangedman_feature_mirror, uniq_grum
D:9:      layout_irregular_city, dpeg_lair_monsters, david_orc_3, uniq_erolcha,
          uniq_joseph
D:10:     layout_roguey, nicolae_ru_the_path_less_chosen,
          minmay_fractal_squares_gapless_7
D:11:     layout_loops_corners
D:12:     layout_loops_cross, kennysheep_nondescript,
          chequers_serial_rivers_marsh, hangedman_decor_growths, uniq_maurice
D:13:     layout_loops_cross, dk_noncrumbling_3
D:14:     minmay_polygon_palace, layout_rooms, david_vaults_4,
          amcnicky_mini_pool_small
D:15:     hangedman_depths_entry_civil_slaughter, layout_long_grid, serial_ice,
          serial_ice_m, serial_ice_o, serial_ice_i, serial_ice_e,
          gauntlet_entry_generic, hellmonk_guarded_unrand_seven_league_boots
Lair:1:   layout_gridlike, serial_bayou_shore_b, uniq_gastronok
Lair:2:   layout_small_grid, minmay_shoals_entry_hut,
          nicolae_spider_entry_lesser_pyramids, chequers_serial_rivers_micro_c,
          kennysheep_rathole, uniq_fannar
Lair:3:   layout_layer_cave, portal_ice_cave_rime, kennysheep_abandoned_house
Lair:4:   beast_lair_carwin_large_2, layout_gridlike,
          nicolae_slime_entry_field_trip
Lair:5:   cheibrodos_lair_end_hotspot, layout_regular_city
Spider:1: layout_spider_delve, nicolae_spider_some_kinda_spiderbox
Orc:1:    layout_diamond_mine, mines5_lemuel
Orc:2:    st_orc_ogre_mass, layout_diamond_mine, nooodl_orcs_dogs

Skill      XL: |  1  2  3  4  5  6  7  8  9 10 11 12 13 14 15 |
---------------+----------------------------------------------+-----
Earth Magic    | 3 4 5 6 9 10 | 10.3
Spellcasting   | 2 4 6 8 9 10 | 10.4
Fighting       | 3 6 7 10 | 10.2
Transmutations | 4 5 9 10 12 | 12.1
Stealth        | 3 |  3.5
Shields        | 6 10 11 12 | 12.1
Conjurations   | 2 |  2.2
Armour         | 6 7 9 |  9.0
Ranged Weapons | 6 |  6.1
Necromancy     | 2 |  2.9
Maces & Flails | 1 |  1.7
Dodging        | |  1.7

Action                     |  1- 3 |  4- 6 |  7- 9 | 10-12 | 13-15 || total
---------------------------+-------+-------+-------+-------+-------++-------
  Melee: Unarmed           |     3 |       |       |       |       ||     3
         Dagger            |       |       |     6 |     2 |       ||     8
         Kick              |       |       |       |       |    44 ||    44
         Sling             |       |       |       |       |     1 ||     1
         Mace              |       |       |       |       |    85 ||    85
         Headbutt          |       |       |       |       |    40 ||    40
   Fire: Sling             |       |       |       |   111 |   605 ||   716
   Cast: Sandblast         |    85 |    80 |   176 |   474 |   808 ||  1623
         Stone Arrow       |       |       |    28 |   169 |   298 ||   495
         Petrify           |       |       |       |    12 |    54 ||    66
         Statue Form       |       |       |       |       |    78 ||    78
         Mephitic Cloud    |       |       |       |       |    24 ||    24
         Ozocubu's Armour  |       |       |       |       |     3 ||     3
         Irradiate         |       |       |       |       |     1 ||     1
  Evoke: Wand              |       |       |       |     1 |    14 ||    15
         Box of beasts     |       |       |       |     1 |     1 ||     2
         Phial of floods   |       |       |       |       |     1 ||     1
    Use: Scroll            |       |       |     5 |    12 |    14 ||    31
         Potion            |       |       |     1 |     5 |    14 ||    20
   Stab: Petrified         |       |       |       |       |    28 ||    28
         Petrifying        |       |       |       |       |     1 ||     1
 Armour: Robe              |     8 |     2 |       |       |       ||    10
         Leather armour    |       |     8 |    36 |   118 |   213 ||   375
         Steam dragon scal |       |       |       |     5 |       ||     5
         Skin              |       |       |       |       |  1589 ||  1589
  Dodge: Dodged            |    36 |    21 |    61 |   214 |  1215 ||  1547
  Block: Kite shield       |       |       |       |   246 |  1510 ||  1756
